 Dungeon Crawl Stone Soup version 0.22-a0-603-gfc1114d (webtiles) character file.

15459 sking99 the Severer (level 12, -3/112 HPs)
             Began as a Minotaur Berserker on July 7, 2018.
             Was an Elder of Trog.
             Slain by a yak (11 damage)
             ... on level 3 of the Lair of Beasts.
             The game lasted 00:18:35 (11576 turns).

sking99 the Severer (Minotaur Berserker)           Turns: 11576, Time: 00:18:35

Health: -3/112     AC: 14    Str: 25    XL:     12   Next: 1%
Magic:  0/11       EV: 13    Int:  4    God:    Trog [****..]
Gold:   774        SH:  0    Dex: 15    Spells: 11/11 levels left

rFire    + . .     SeeInvis .   y - +1 broad axe (freeze)
rCold    . . .     Gourm    .   (no shield)
rNeg     . . .     Faith    .   r - +2 chain mail {rF+}
rPois    .         Spirit   +   (helmet restricted)
rElec    .         Reflect  .   G - +0 cloak (curse)
rCorr    .         Harm     .   (no gloves)
MR       ++...                  (no boots)
Stlth    ..........             H - amulet of guardian spirit
HPRegen  1.28/turn              n - +3 ring of strength
MPRegen  0.12/turn              F - ring of flight

@: berserk cooldown, starving, regenerating, slowed, very slow
A: retaliatory headbutt, horns 2
a: Berserk, Trog's Hand, Brothers in Arms, Renounce Religion, Evoke Flight


You were on level 3 of the Lair of Beasts.
You worshipped Trog.
Trog was greatly pleased with you.
You were starving.

You visited 2 branches of the dungeon, and saw 13 of its levels.
You also visited: Sewer.

You collected 774 gold pieces.

Inventory:

Hand Weapons
 y - a +1 broad axe of freezing (weapon)
Missiles
 z - 4 throwing nets (quivered)
Armour
 r - a +2 chain mail of fire resistance (worn)
 A - a scarf of resistance
 G - a cursed +0 cloak (worn)
Jewellery
 n - a +3 ring of strength (left hand)
 E - an uncursed ring of ice
 F - a ring of flight (right hand)
 H - an amulet of guardian spirit (around neck)
Wands
 b - a wand of polymorph (39)
 d - a wand of digging (15)
 h - a wand of clouds (5)
 s - a wand of iceblast (36)
 x - a wand of random effects (36)
 C - a wand of enslavement (29)
 J - a wand of flame (31)
Scrolls
 e - 5 scrolls of magic mapping
 f - 10 scrolls of teleportation
 i - a scroll of identify
 j - 3 scrolls of immolation
 m - 10 scrolls of remove curse
 t - 2 scrolls of fog
 v - 2 scrolls of enchant weapon
 w - a scroll of fear
Potions
 a - a potion of berserk rage
 g - 5 potions of heal wounds
 k - 4 potions of might
 l - 9 potions of curing
 o - a potion of experience
 p - 2 potions of mutation
 q - 2 potions of flight
 u - 5 potions of brilliance
 B - a potion of haste {unknown}
 D - 2 potions of ambrosia
 K - a potion of agility
Comestibles
 c - 29 rations


   Skills:
 + Level 12.0 Fighting
 - Level 16.0 Axes
 + Level 8.7 Armour
 + Level 7.9 Dodging


You had 11 spell levels left.
You didn't know any spells.
Your spell library was empty.

Dungeon Overview and Level Annotations

Branches:
Dungeon (10/15)            Temple (0/1) D:7            Lair (3/6) D:10
  Swamp: Lair:2-4    Shoals: Lair:2-4     Snake: Lair:2-4    Spider: Lair:2-4
    Orc: D:9-12

Altars:
Fedhas
Gozag
Okawaru
Sif Muna
Uskayaw
Vehumet
Xom


Innate Abilities, Weirdness & Mutations

You reflexively headbutt those who attack you in melee.
You have a pair of horns on your head.


Message History

Trog accepts your kill.
You hit the yak but do no damage. You headbutt the yak.
The yak is lightly wounded.
Your two-headed ogre hits the yak with a dire flail of pain!
Your two-headed ogre closely misses the yak.
The yak gores you.
The yak barely misses your two-headed ogre.
Your two-headed ogre hits the yak with a dire flail of pain!!
Your two-headed ogre barely misses the yak.
The yak gores you.
* * * LOW HITPOINT WARNING * * *
Your skin crawls.
You feel resistant to hostile enchantments.
You are starving!
Your two-headed ogre hits the yak with a dire flail of pain!!
The yak dies!
Trog accepts your kill.
A yak comes into view.
The yak gores you!
You die...

....#......#...[#.P...
...........#....#Y.........
........P..#....#.†P#..#.P.
.#...............O†..(.#.
....#...........#.....#..
...##...#....#.##........#
....#...##.....##..........
........##......Y..........
........P#......@......#..
...#P......#.............
÷#.##........#......#>#..
.#.........P........!....
...#.>................P#.
.#.#................#...
...........#......#.#.##
.#....#........P..... #
.#.........#...##


You could see 2 yaks and a friendly two-headed ogre (berserk).

Vanquished Creatures
  Snorg (Lair:3)
  Fannar (Lair:2)
  Erica (Lair:2)
  A two-headed ogre (D:8)
  A black mamba (Lair:3)
  3 spiny frogs
  A rime drake (D:10)
  4 komodo dragons
  A merfolk (D:9)
  A hornet (D:8)
  3 hippogriffs
  12 yaks
  A basilisk (Lair:2)
  3 water moccasins
  7 porcupines
  An orc warrior (D:10)
  2 ice beasts
  2 black bears
  5 phantoms
  3 sky beasts
  10 wolves
  4 necrophages
  4 crocodiles
  3 centaurs
  7 bullfrogs
  4 big kobolds (Sewer)
  5 scorpions
  A wyvern skeleton (D:6)
  3 wights (D:7)
  2 howler monkeys (D:9)
  6 crimson imps
  A quasit (D:7)
  6 orc priests
  5 hounds
  2 centaur zombies
  2 jellies (D:9)
  7 orc wizards
  3 centaur skeletons
  2 iguanas
  Jessica (D:2)
  A bullfrog skeleton (D:4)
  Terence (D:2)
  Natasha (thrice) (D:2)
  9 worker ants
  A worker ant zombie (D:5)
  A howler monkey skeleton (D:8)
  15 gnolls
  11 adders
  A shadow imp (D:5)
  3 oozes
  An adder skeleton (D:6)
  2 worms (D:3)
  4 dart slugs
  6 leopard geckos
  26 orcs
  6 giant cockroaches
  6 goblins
  6 hobgoblins
  9 jackals
  2 quokkas
  7 ball pythons
  5 bats
  6 frilled lizards
  18 kobolds
  A leopard gecko skeleton (D:5)
  A quokka skeleton (D:5)
  7 rats
  10 fungi
  6 plants
307 creatures vanquished.

Vanquished Creatures (collateral kills)
  Sonja (Lair:2)
  A spiny frog (Lair:3)
  A troll (D:9)
  3 yaks (Lair:3)
  Duvessa (D:7)
  A crocodile (Lair:3)
  Dowan (D:7)
  A crimson imp (D:7)
10 creatures vanquished.

Vanquished Creatures (others)
  14 fungi
  2 plants (D:10)
16 creatures vanquished.

Grand Total: 333 creatures vanquished

Notes
Turn   | Place    | Note
-------+----------+-------------------------------------------
     0 | D:1      | sking99 the Minotaur Berserker began the quest for the Orb.
     0 | D:1      | Reached XP level 1. HP: 19/19 MP: 0/0
    66 | D:1      | Reached skill level 4 in Axes
   218 | D:1      | Reached XP level 2. HP: 25/27 MP: 1/1
   975 | D:2      | Noticed Jessica
   976 | D:2      | Found a blossoming altar of Fedhas.
   983 | D:2      | Killed Jessica
   983 | D:2      | Reached skill level 5 in Axes
   983 | D:2      | Reached XP level 3. HP: 34/34 MP: 2/2
  1031 | D:2      | Noticed Terence
  1038 | D:2      | Killed Terence
  1038 | D:2      | Reached XP level 4. HP: 41/41 MP: 3/3
  1046 | D:2      | Reached ** piety under Trog
  1464 | D:2      | Noticed Natasha
  1469 | D:2      | Killed Natasha
  1490 | D:2      | Reached skill level 6 in Axes
  1508 | D:2      | Noticed Natasha
  1516 | D:2      | Killed Natasha
  1516 | D:2      | Reached skill level 5 in Fighting
  1516 | D:2      | Reached XP level 5. HP: 48/48 MP: 4/4
  1517 | D:2      | Noticed Natasha
  1522 | D:2      | Killed Natasha
  1886 | D:3      | Found a glowing drain.
  1922 | Sewer    | Entered a sewer
  1998 | Sewer    | Reached skill level 7 in Axes
  2002 | Sewer    | Reached XP level 6. HP: 42/57 MP: 5/5
  2005 | Sewer    | Reached *** piety under Trog
  2177 | Sewer    | Reached skill level 8 in Axes
  2200 | Sewer    | Reached XP level 7. HP: 63/63 MP: 6/6
  2691 | D:3      | Found an iron altar of Okawaru.
  2997 | D:4      | You fall through a shaft for 2 floors!
  3023 | D:5      | Entered Level 5 of the Dungeon
  3080 | D:5      | Found an opulent altar of Gozag.
  3169 | D:4      | Reached skill level 9 in Axes
  3217 | D:4      | Reached **** piety under Trog
  3498 | D:4      | Found a hide-covered altar of Uskayaw.
  3691 | D:5      | Reached XP level 8. HP: 72/73 MP: 7/7
  3701 | D:5      | Reached skill level 10 in Axes
  3949 | D:5      | Found a deep blue altar of Sif Muna.
  4335 | D:6      | Found a shimmering altar of Xom.
  4580 | D:6      | Reached skill level 11 in Axes
  5142 | D:7      | Reached XP level 9. HP: 78/82 MP: 8/8
  5231 | D:7      | Noticed Dowan
  5234 | D:7      | Noticed Duvessa
  5247 | D:7      | Killed Dowan
  5250 | D:7      | Killed Duvessa
  5251 | D:7      | Reached skill level 12 in Axes
  5468 | D:7      | Found a staircase to the Ecumenical Temple.
  6013 | D:8      | Reached skill level 13 in Axes
  6021 | D:8      | Paralysed by a hornet for 3 turns
  6025 | D:8      | Reached skill level 10 in Fighting
  6433 | D:8      | Noticed a two-headed ogre
  6443 | D:8      | Killed a two-headed ogre
  7120 | D:9      | Reached XP level 10. HP: 84/94 MP: 7/9
  7175 | D:9      | Found a radiant altar of Vehumet.
  7203 | D:9      | Reached skill level 14 in Axes
  7299 | D:9      | Reached ***** piety under Trog
  8001 | D:10     | Entered Level 10 of the Dungeon
  8157 | D:10     | Found a staircase to the Lair.
  8190 | D:10     | Reached skill level 15 in Axes
  8560 | Lair:1   | Entered Level 1 of the Lair of Beasts
  8565 | Lair:1   | Noticed a spiny frog
  8578 | D:10     | Reached skill level 5 in Armour
  8578 | D:10     | Killed a spiny frog
  8889 | Lair:1   | Reached skill level 5 in Dodging
  8889 | Lair:1   | Reached XP level 11. HP: 60/101 MP: 5/10
  9590 | Lair:1   | Reached skill level 16 in Axes
  9919 | Lair:2   | Noticed Sonja
 10148 | Lair:2   | Noticed Erica
 10167 | Lair:2   | Killed Erica
 10351 | Lair:2   | Killed Sonja
 10891 | Lair:2   | Noticed Fannar
 10917 | Lair:2   | Killed Fannar
 11545 | Lair:3   | Noticed Snorg
 11559 | Lair:3   | Killed Snorg
 11571 | Lair:3   | Reached XP level 12. HP: 11/112 MP: 2/11
 11576 | Lair:3   | Slain by a yak

Vault maps used:
D:1:      dpeg_arrival_yet_another_circle
D:2:      nicolae_overflow_crystal_walls, uniq_natasha, uniq_terence,
          uniq_jessica
D:3:      first_ration, cheibrodos_sewer_entry_sluice, dk_noncrumbling_4,
          st_stairs_10, grunt_ministairs_9, okawaru_metal_pillars_3
D:4:      kennysheep_mini_moat, minmay_item_behind_shaft, feat_on_display
D:5:      lemuel_round_altar, nicolae_gozag_seed_capital
D:6:      tgw_xom
D:7:      minmay_temple_entry_trees, uniq_duvessa
D:9:      hangedman_fish_farm, vehumet_altar_wand_db
D:10:     due_lair_maze_entry_diamond
Lair:1:   infiniplex_staircase_pool
Lair:2:   uniq_erica, uniq_sonja, uniq_fannar
Lair:3:   uniq_snorg
Sewer:    kennysheep_pipe_town

Skill      XL: |  1  2  3  4  5  6  7  8  9 10 11 |
---------------+----------------------------------+-----
Axes           | 4 5 6 7 8 9 11 13 15 16 | 16.0
Fighting       | 4 5 6 7 8 10 12 | 12.0
Armour         | 5 8 |  8.7
Dodging        | 5 7 |  7.9

Action                   |  1- 3 |  4- 6 |  7- 9 | 10-12 || total
-------------------------+-------+-------+-------+-------++-------
Melee: Hand axe          |    51 |   116 |    68 |       ||   235
       Headbutt          |    13 |    22 |    64 |    70 ||   169
       Broad axe         |       |       |   229 |   271 ||   500
Invok: Berserk           |     2 |     1 |     2 |     3 ||     8
       Trog's Hand       |       |       |     1 |     2 ||     3
       Brothers in Arms  |       |       |     2 |     7 ||     9
  Use: Scroll            |       |     9 |     1 |    15 ||    25
       Potion            |       |       |       |     4 ||     4
 Stab: Sleeping          |     2 |       |       |       ||     2
       Distracted        |       |       |     1 |     1 ||     2
  Eat: Chunk             |     1 |     6 |    19 |    18 ||    44
Armor: Animal skin       |    12 |       |       |       ||    12
       Chain mail        |       |    52 |   153 |   110 ||   315
Dodge: Dodged            |    29 |    45 |   127 |   127 ||   328
Block: Other             |       |       |     8 |       ||     8
       Reflection        |       |       |     1 |       ||     1

Table legend:
 A = Spawn XP
 B = Non-spawn XP
 C = Spawn XP percentage of total XP
 D = Spawn monster count
 E = Non-spawn monster count
 F = Spawn count percentage of total count
 G = Total turns spent on level
                    A         B        C        D         E        F      G
               +---------+---------+-------+---------+---------+-------+---------
         Total |       0 |   22085 |   0.0 |       0 |     301 |   0.0 | 11576
               +---------+---------+-------+---------+---------+-------+---------
           D:1 |       0 |      32 |   0.0 |       0 |      18 |   0.0 |   964
           D:2 |       0 |     312 |   0.0 |       0 |      33 |   0.0 |   881
           D:3 |       0 |      60 |   0.0 |       0 |      16 |   0.0 |   833
           D:4 |       0 |     332 |   0.0 |       0 |      15 |   0.0 |   495
           D:5 |       0 |     679 |   0.0 |       0 |      28 |   0.0 |   674
           D:6 |       0 |     537 |   0.0 |       0 |      13 |   0.0 |   935
           D:7 |       0 |    1066 |   0.0 |       0 |      23 |   0.0 |   653
           D:8 |       0 |    2046 |   0.0 |       0 |      29 |   0.0 |  1373
           D:9 |       0 |    1778 |   0.0 |       0 |      26 |   0.0 |   878
          D:10 |       0 |    3291 |   0.0 |       0 |      26 |   0.0 |   873
        Lair:1 |       0 |    3965 |   0.0 |       0 |      21 |   0.0 |   981
        Lair:2 |       0 |    5158 |   0.0 |       0 |      20 |   0.0 |  1502
        Lair:3 |       0 |    2412 |   0.0 |       0 |       9 |   0.0 |   219
         Sewer |       0 |     417 |   0.0 |       0 |      24 |   0.0 |   315
               +---------+---------+-------+---------+---------+-------+---------
